 Dungeon Crawl Stone Soup version 0.30-a0-457-g4b7bca3bfa (webtiles) character file.

Game seed: 14122850101703076988

272 ma3 the Grave Robber (level 6, -3/53 HPs)
             Began as a Meteoran Necromancer on Dec 12, 2022.
             Killed by an exploding jelly zombie (18 damage)
             ... ignited by their inner flame
             ... on level 4 of the Dungeon.
             The game lasted 00:05:38 (992 turns).

ma3 the Grave Robber (Meteoran Necromancer)          Turns: 992, Time: 00:05:39

Health: -3/53      AC:  6    Str:  9    XL:     6   Next: 77%
Magic:  11/11      EV: 12    Int: 20    God:
Gold:   92         SH:  0    Dex: 14    Spells: 0/10 levels left

rFire   + . .      SeeInvis .    e - +0 dagger
rCold   . . .      Faith    .    (no shield)
rNeg    . . .      Spirit   .    j - +2 leather armour {rF+}
rPois   .          Reflect  .    o - +1 hat
rElec   .          Harm     .    (no cloak)
rCorr   .          Rampage  .    (no gloves)
Will    .....                    (no boots)
Stlth   +.........               (no amulet)
HPRegen 0.28/turn                s - ring of flight
MPRegen 0.12/turn                (no ring)

@: confused, brilliant, ambrosia-drunk, flying, glowing
A: sense surroundings 1, otherworldly, glowing, explore regen
a: no special abilities


You were on level 4 of the Dungeon.
You visited 1 branch of the dungeon, and saw 4 of its levels.

You collected 92 gold pieces.

Inventory:

Hand Weapons
 e - a +0 dagger (weapon)
 q - a +0 spear
Armour
 a - a +0 robe
 j - a +2 leather armour of fire resistance (worn)
 o - a +1 hat (worn)
 p - a +0 buckler
Jewellery
 s - a ring of flight (left hand)
Scrolls
 d - a scroll of immolation
Potions
 b - a potion of magic
 n - a potion of mutation {unknown}
 r - a potion of heal wounds {unknown}
 t - a potion of haste {unknown}


   Skills:
 + Level 4.4 Fighting
 - Level 2.4 Dodging
 - Level 1.4 Stealth
 - Level 2.6 Spellcasting
 + Level 6.4 Necromancy


You couldn't memorise any spells.
You knew the following spells:

 Your Spells              Type           Power      Damage    Failure   Level
a - Necrotise             Necr           100%       1d9       1%          1
b - Vampiric Draining     Necr           42%        2d9       4%          3
c - Animate Dead          Necr           42%        N/A       14%         4
d - Blink                 Tloc           8%         N/A       30%         2

Your spell library contained the following spells:

 Spells                   Type           Power      Damage    Failure   Level
 Momentum Strike          Conj/Tloc      8%         3d8       30%         2
 Agony                    Necr           42%        N/A       38%         5
 Lesser Beckoning         Tloc           8%         N/A       52%         3


Dungeon Overview and Level Annotations

Branches:
Dungeon (4/15) Zot: 1407
 Temple: D:4-7

Altars:

Annotations:
D:3 Robin


Innate Abilities, Weirdness & Mutations

You passively map a small area around you.
You are easily found by Zot.
You glow in the dark.
You regain HP and MP as you explore.


Message History

Are you sure you want to stumble around while confused and next to your hobgoblin zombie?
Okay, then.
Are you sure you want to stumble around while confused and next to your hobgoblin zombie? [Y]es or [N]o only, please.
Are you sure you want to stumble around while confused and next to your hobgoblin zombie?
Okay, then.
You are more confused.
You feel invigorated. The orc wizard casts a spell at you.
The puff of flame hits you. You resist.
Unknown command.
Are you sure you want to stumble around while confused and next to your hobgoblin zombie?
Okay, then.
Are you sure you want to stumble around while confused and next to your hobgoblin zombie?
You bump into the rock wall.
The orc wizard hits your hobgoblin zombie with a +0 dagger.
Flame seeps out of your hobgoblin zombie.
Unknown command.
Are you sure you want to stumble around while confused and next to your jelly zombie?
Okay, then.
Okay, then.
It was a potion of brilliance.
You feel clever all of a sudden.
Your hobgoblin zombie is no longer covered in acid.
Your hobgoblin zombie is engulfed in blazing flames.
Your hobgoblin zombie explodes!
The fiery explosion engulfs you!! You resist.
* * * LOW HITPOINT WARNING * * *
The fiery explosion engulfs your jelly zombie!
Flame seeps out of your jelly zombie.
Your jelly zombie is severely damaged.
The fiery explosion engulfs the orc!!!
You kill the orc!
The fiery explosion engulfs the orc wizard!!!
You kill the orc wizard!
The jelly zombie is engulfed in blazing flames.
That felt strangely unrewarding.
The jelly zombie explodes!
The fiery explosion engulfs you!! You resist.
You die...

* ,#.#.#.### #.
:.#.....# #.#.
####.#.....# #...
...........##
###.###...........#
#.....#.##§#§.(...#
#.....#.##§○§o.....,
#§§......§@§§oo....
, *
#§§§§.#.##.......8)
, , *
#§§§§.#.######g....
,* * *#§#§###.# *
8... * ..§§§§...# *
g.. , ..... .##### *
, .. #####.,.. , , .
, #.*## #. *,


8 You could see an orc wizard, 2 orcs and a hobgoblin.

Vanquished Creatures
  Sigmund (D:2)
  A jelly (D:4)
  Jessica (D:2)
  An orc wizard (D:4)
  2 adders
  A jelly zombie (D:4)
  An orc (D:4)
  3 endoplasms (D:1)
  4 giant cockroaches
  7 goblins
  4 hobgoblins
  A jackal (D:2)
  2 ball pythons (D:2)
  4 bats
  4 frilled lizards
  A hobgoblin zombie (D:4)
  4 kobolds
  3 rats (D:2)
45 creatures vanquished.

Vanquished Creatures (collateral kills)
  A ball python (D:3)
  A kobold (D:1)
2 creatures vanquished.

Vanquished Creatures (others)
  A goblin zombie (D:3)
1 creature vanquished.

Grand Total: 48 creatures vanquished

Notes
Turn   | Place    | Note
-------+----------+-------------------------------------------
     0 | D:1      | ma3 the Meteoran Necromancer began the quest for the Orb.
     0 | D:1      | Reached XP level 1. HP: 14/14 MP: 5/5
    72 | D:1      | Reached XP level 2. HP: 18/22 MP: 0/6
   211 | D:1      | Reached skill level 1 in Fighting
   359 | D:1      | Reached XP level 3. HP: 16/28 MP: 2/8
   498 | D:2      | Noticed Sigmund
   514 | D:1      | Learned a level 3 spell: Vampiric Draining
   525 | D:2      | Killed Sigmund
   526 | D:2      | Reached skill level 6 in Necromancy
   526 | D:2      | Reached XP level 4. HP: 40/40 MP: 1/9
   526 | D:2      | Reached XP level 5. HP: 46/46 MP: 1/10
   526 | D:2      | Reached XP level 6. HP: 52/52 MP: 1/11
   694 | D:2      | Noticed Jessica
   698 | D:2      | Killed Jessica
   705 | D:2      | Learned a level 4 spell: Animate Dead
   708 | D:2      | Learned a level 2 spell: Blink
   932 | D:3      | Noticed Robin
   992 | D:4      | Killed by an exploding jelly zombie... ignited by their
                  | inner flame

Illustrated notes

Levels and vault maps discovered:
D:1:      giann_bridges, layout_basic
D:2:      layout_basic, minmay_pentomino_w2, uniq_sigmund, uniq_jessica,
          uniq_natasha
D:3:      layout_rooms, dreamdust_divine_triumvirate, minitemple,
          nzn_wu_jian_contemplation, uniq_robin
D:4:      layout_loops_ring, fedhas_altar_decomposition,
          mainiacjoe_overflow_cross_hatched, minmay_misc_feat_plants

Skill      XL: |  1  2  3  4  5  6 |
---------------+-------------------+-----
Fighting       | 1 3 4 |  4.4
Necromancy     | 6 |  6.4
Dodging        | |  2.4
Stealth        | |  1.4
Spellcasting   | |  2.6

Action                   |  1- 3 |  4- 6 || total
-------------------------+-------+-------++-------
Melee: Dagger            |     5 |    21 ||    26
       Punch             |     1 |       ||     1
 Cast: Necrotise         |    30 |    28 ||    58
       Vampiric Draining |     2 |     5 ||     7
       Animate Dead      |       |     1 ||     1
  Use: Scroll            |       |     6 ||     6
       Potion            |       |     4 ||     4
Armor: Robe              |     6 |       ||     6
       Leather armour    |     2 |    33 ||    35
Dodge: Dodged            |    12 |    37 ||    49

Table legend: (Time is in decaauts)
 A = Elapsed time spent in this place.
 B = Non-inter-level travel time spent in this place.
 C = Inter-level travel time spent in this place.
 D = Time resting spent in this place.
 E = Time spent auto-exploring this place.
 F = Levels seen in this place.
 G = Mean time per level.
                   A        B        C        D        E       F      G
               +--------+--------+--------+--------+--------+-----+--------+
         Total |    991 |    904 |     87 |      0 |      6 |   4 |  247.8 |
       Dungeon |    991 |    904 |     87 |      0 |      6 |   4 |  247.8 |
               +--------+--------+--------+--------+--------+-----+--------+

Top non-repeatable levels by time:
     D:1: 496 daAuts
     D:2: 397 daAuts
     D:3: 66 daAuts
     D:4: 30 daAuts
